 Dungeon Crawl Stone Soup version 0.30-b1-2-g02819fbbbe (webtiles) character file.

Game seed: 11366989785316643008

80 prikolics the Grasshopper (level 4, -4/39 HPs)
             Began as a Naga Warper on Aug 8, 2023.
             Killed from afar by Grinder (13 damage)
             ... with a puff of flame
             ... on level 4 of the Dungeon.
             The game lasted 00:11:44 (1600 turns).

prikolics the Grasshopper (Naga Warper)             Turns: 1600, Time: 00:11:44

Health: -4/39      AC:  2    Str: 14    XL:     4   Next: 39%
Magic:  7/7        EV:  9    Int: 15    God:
Gold:   124        SH:  0    Dex: 10    Spells: 5/7 levels left

rFire   . . .        m - +0 trident
rCold   . . .        (no shield)
rNeg    . . .        b - +0 leather armour
rPois   +            (no helmet)
rElec   .            (no cloak)
rCorr   .            (no gloves)
SInv    +            (no barding)
Will    .....        (no amulet)
Stlth   +            (no ring)
HPRegen 0.26/turn    (no ring)
MPRegen 0.10/turn

%: no passive effects
@: very slow
A: AC +1, large, see invisible, deformed body, poison resistance, slowness 2,
spit poison 1, naga tail 1
a: Spit Poison


You were on level 4 of the Dungeon.
You visited 1 branch of the dungeon, and saw 4 of its levels.

You collected 148 gold pieces.
You spent 24 gold pieces at shops.

Inventory:

Hand Weapons
 m - a +0 trident (weapon)
Missiles
 d - 7 boomerangs of dispersal
 e - 4 boomerangs (quivered)
 k - 13 stones
Armour
 b - a +0 leather armour (worn)
Scrolls
 c - a scroll of blinking
 f - a scroll of poison {unknown}
 g - 2 scrolls of identify
 j - a scroll of fear {unknown}
Potions
 a - a potion of heal wounds {unknown}
 h - a potion of berserk rage {unknown}
 i - 2 potions of cancellation {unknown}
 l - a potion of haste {unknown}


   Skills:
 + Level 2.3 Fighting
 + Level 2.7 Polearms
 + Level 1.3 Throwing
 - Level 1.0 Armour
 + Level 1.8 Dodging
 * Level 1.5 Stealth
 + Level 2.0 Spellcasting
 * Level 3.8 Translocations


You had 5 spell levels left.
You knew the following spells:

 Your Spells              Type           Power      Damage    Failure   Level
a - Blink                 Tloc           26%        N/A       9%          2

Your spell library contained the following spells:

 Spells                   Type           Power      Damage    Failure   Level
 Apportation              Tloc           26%        N/A       5%          1
 Lesser Beckoning         Tloc           26%        N/A       9%          2
 Teleport Other           Tloc           13%        N/A       17%         3
 Necrotise                Necr           4%         1d4       26%         1
 Summon Small Mammal      Summ           4%         N/A       26%         1
 Portal Projectile        Hex/Tloc       14%        N/A       36%         3
 Vhi's Electric Charge    Tloc/Air       14%        N/A       36%         3
 Manifold Assault         Tloc           13%        N/A       50%         4
 Tukima's Dance           Hex            1%         N/A       63%         3
 Sticky Flame             Conj/Fire      1%         2d3       95%         4
 Arcjolt                  Conj/Air       0%         1d10      100%        5
 Blade Hands              Tmut           0%         N/A       100%        5
 Summon Mana Viper        Hex/Summ       1%         N/A       100%        5
 Plasma Beam              Fire/Air       0%         2x1d11    100%        6


Dungeon Overview and Level Annotations

Branches:
Dungeon (4/15)
 Temple: D:4-7

Altars:
Uskayaw

Shops:
D:1 ?

Annotations:
D:4 Grinder


Innate Abilities, Weirdness & Mutations

Your serpentine skin is tough. (AC +1)
You have supernaturally acute eyesight. (SInv)
Armour fits poorly on your strangely shaped body.
Your system is resistant to poisons. (rPois)
You cover ground very slowly.
You can spit poison.
You have a snake-like lower body.


Message History

Aim: a gnoll, wielding a +0 spear and quivering a throwing net (60% to hit)
You throw a boomerang. The boomerang barely misses the gnoll.
The boomerang hits the rat.
You kill the rat!
The gnoll throws a throwing net.
The throwing net hits you.
You become entangled in the net!
You are held in a net!
You are held in a net!
You are held in a net!
You are held in a net!
You struggle against the net.
The gnoll barely misses you.
You struggle against the net.
The gnoll hits you from afar with a +0 spear.
You struggle against the net.
You have got your breath back.
The gnoll hits you from afar with a +0 spear!
Aiming: Spit Poison (1% risk of failure)
Press: ? - help, Shift-Dir - straight line, f/p - gnoll
Aim: a gnoll, wielding a +0 spear (65% to hit)
The splash of poison hits the gnoll but does no damage.
The gnoll hits you from afar with a +0 spear.
You shred the net and break free! The gnoll misses you.
The gnoll hits you from afar with a +0 spear.
You slide downwards.
The hatch slams shut behind you.
Found a book of Weapons.
Found a hide-covered altar of Uskayaw.
Grinder shouts!
You hear a shout!
A goblin comes into view. It is wielding a +0 dagger.
Grinder blinks!
An endoplasm comes into view.
You have got your breath back.
Grinder zaps a wand.
The puff of flame hits you!
* * * LOW HITPOINT WARNING * * *
You see here a book of Weapons.
Okay, then.
Save game and exit?
Okay, then.
Press: ? - help, v - describe, . - travel A hide-covered altar of Uskayaw.
Grinder zaps a wand.
The puff of flame hits you!
You die...

##.## #J..# ...
... #.# #.## ..
###.####..###....
.......@:.....5..
###.#####.###.#.#
#.###....
#.....ยง..
#....#..g
#.P......
#........
#._......
#........


You could see Grinder.

Vanquished Creatures
  A gnoll (D:3)
  3 adders (D:2)
  2 dart slugs
  5 ball pythons
  A bat (D:1)
  4 endoplasms
  3 giant cockroaches
  3 goblins
  3 hobgoblins
  6 kobolds
  A quokka (D:1)
  A frilled lizard (D:1)
  3 rats
36 creatures vanquished.

Notes
Turn   | Place    | Note
-------+----------+-------------------------------------------
     0 | D:1      | prikolics the Naga Warper began the quest for the Orb.
     0 | D:1      | Reached XP level 1. HP: 19/19 MP: 3/3
    72 | D:1      | Reached XP level 2. HP: 26/26 MP: 5/5
    75 | D:1      | Learned a level 2 spell: Blink
   121 | D:1      | Found Jadgh's Magic Scroll Emporium.
   147 | D:1      | Bought a scroll of identify for 24 gold pieces
   180 | D:1      | Reached skill level 1 in Stealth
   680 | D:1      | Reached XP level 3. HP: 32/32 MP: 6/6
   691 | D:1      | Reached skill level 1 in Throwing
  1115 | D:2      | Reached XP level 4. HP: 36/39 MP: 7/7
  1514 | D:3      | Got Vaceox's Compilation of Glamour and Fever
  1560 | D:3      | Reached skill level 1 in Armour
  1596 | D:4      | Noticed Grinder
  1596 | D:4      | Found a hide-covered altar of Uskayaw.
  1600 | D:4      | Killed from afar by Grinder

Illustrated notes

Levels and vault maps discovered:
D:1:      wander_arrival_desolate, layout_basic, serial_shops,
          nicolae_shop_tiny_waterfront
D:2:      layout_basic
D:3:      minmay_evil_eye, layout_loops_ring, general_overflow_altar,
          nicolae_concentric_dashed_squares_mild, nicolae_elevator_lobby_plus
D:4:      layout_loops_ring, mainiacjoe_overflow_tiny_flanked, uniq_menkaure,
          uniq_duvessa, uniq_grinder, uniq_crazy_yiuf_cottage

Skill      XL: |  1  2  3  4 |
---------------+-------------+-----
Stealth        | 1 |  1.5
Throwing       | 1 |  1.3
Armour         | 1 |  1.0
Fighting       | |  2.3
Polearms       | |  2.7
Dodging        | |  1.8
Spellcasting   | |  2.0
Translocations | |  3.8

Action                     |  1- 3 |  4- 6 || total
---------------------------+-------+-------++-------
  Melee: Spear             |    62 |     8 ||    70
         Punch             |     3 |       ||     3
         Trident           |       |     5 ||     5
  Throw: Boomerang         |    45 |     6 ||    51
   Cast: Blink             |       |     1 ||     1
Ability: Spit Poison       |     4 |     9 ||    13
 Armour: Leather armour    |    17 |     2 ||    19
  Dodge: Dodged            |    27 |     9 ||    36
